 Dungeon Crawl Stone Soup version 0.26-a0-667-g9264253 (webtiles) character file.

Game seed: 6008357218431229039

43668 Mopster the Cleaver (level 13, -2/122 HPs)
             Began as a Minotaur Berserker on Oct 16, 2020.
             Was an Elder of Trog.
             Killed from afar by a rime drake (17 damage)
             ... with a flash freeze
             ... on level 5 of the Lair of Beasts.
             The game lasted 01:59:42 (19982 turns).

Mopster the Cleaver (Minotaur Berserker)           Turns: 19982, Time: 01:59:42

Health: -2/122     AC: 19    Str: 26    XL:     13   Next: 92%
Magic:  12/12      EV: 30    Int:  4    God:    Trog [****..]
Gold:   1288       SH:  0    Dex: 11    Spells: 12/12 levels left

rFire    . . .     SeeInvis .   x - +6 dire flail
rCold    . . .     Faith    .   (shield currently unavailable)
rNeg     . . .     Spirit   .   A - +3 scale mail
rPois    +         Reflect  .   (helmet restricted)
rElec    .         Harm     .   R - +0 cloak
rCorr    .         Rampage  .   (no gloves)
MR       .....                  y - +0 pair of boots
Stlth    ..........             M - amulet of the acrobat
HPRegen  0.30/turn              U - +4 ring of protection
MPRegen  0.13/turn              v - ring of poison resistance

@: berserk cooldown, acrobat
A: retaliatory headbutt, horns 2
a: Berserk, Trog's Hand, Brothers in Arms, Renounce Religion


You were on level 5 of the Lair of Beasts.
You worshipped Trog.
Trog was greatly pleased with you.
You visited 2 branches of the dungeon, and saw 19 of its levels.
You also visited: Ossuary and Ice Cave.

You collected 1288 gold pieces.

Inventory:

Hand Weapons
 s - a +2 mace of protection
 t - a +1 broad axe
 w - a +4 battleaxe
 x - a +6 dire flail (weapon)
 J - the +9 sword of Zonguldrok {reap}
   (You found it on level 9 of the Dungeon)

   If a monster killed with it leaves a corpse in good enough shape, the corpse
   will be animated as a zombie friendly to the killer.
Missiles
 H - 2 throwing nets (quivered)
Armour
 b - a +2 pair of boots
 c - a +0 chain mail
 d - a +0 kite shield
 y - a +0 pair of boots (worn)
 A - a +3 scale mail (worn)
 P - +0 steam dragon scales
 Q - a +3 ring mail
 R - a +0 cloak (worn)
Jewellery
 r - an uncursed amulet of guardian spirit
 v - a ring of poison resistance (right hand)
 M - an amulet of the acrobat (around neck)
 U - a +4 ring of protection (left hand)
Wands
 a - a wand of polymorph (16)
 j - a wand of flame (33)
 o - a wand of iceblast (14)
 L - a wand of acid (6)
 O - a wand of paralysis (8)
Scrolls
 g - a scroll of teleportation
 i - 3 scrolls of fog
 k - 4 scrolls of magic mapping
 p - 7 scrolls of remove curse
 q - 3 scrolls of immolation
 u - 3 scrolls of enchant armour
 N - a scroll of enchant weapon
 T - a scroll of random uselessness
Potions
 e - 9 potions of curing
 f - 3 potions of cancellation
 l - 3 potions of magic
 m - a potion of might
 n - 5 potions of ambrosia
 z - a potion of flight
 B - 2 potions of brilliance
 C - 5 potions of mutation
 D - 2 potions of berserk rage
 E - 3 potions of lignification
 F - 3 potions of stabbing
 G - 3 potions of resistance
 I - 3 potions of invisibility
Miscellaneous
 K - a lightning rod (4/4)


   Skills:
 * Level 13.0 Fighting
 + Level 14.0(15.1) Axes
 + Level 9.9(13.1) Maces & Flails
 * Level 13.2 Armour
 + Level 10.0 Dodging
 - Level 0.3 Stealth
 * Level 10.4 Shields


You had 12 spell levels left.
You didn't know any spells.
Your spell library contained the following spells:

 Spells                   Type           Power        Failure   Level
 Magic Dart               Conj           #...         71%         1
 Shock                    Conj/Air       #...         71%         1
 Blink                    Tloc           N/A          85%         2
 Call Imp                 Summ           #.......     85%         2
 Slow                     Hex            #.......     85%         2
 Swiftness                Air            #.......     85%         2
 Conjure Flame            Conj/Fire      #.......     97%         3
 Mephitic Cloud           Conj/Pois/Air  #.......     97%         3
 Static Discharge         Conj/Air       #.......     97%         3
 Airstrike                Air            #.........   100%        4
 Lightning Bolt           Conj/Air       #.........   100%        5


Dungeon Overview and Level Annotations

Branches:
Dungeon (13/15)            Temple (0/1) D:4            Lair (6/6) D:10
  Swamp (0/4) Lair:4        Snake (0/4) Lair:2        Slime (0/5) Lair:5
    Orc (0/2) D:12        Ossuary (visited)           IceCv (visited)
 Vaults: D:13-14

Altars:
Ashenzari
Cheibriados
Dithmenos
Elyvilon
Fedhas
Kikubaaqudgha
Makhleb
Nemelex Xobeh
Qazlal
Sif Muna
Trog
Vehumet
Xom
Yredelemnul
The Shining One
Beogh
Jiyva

Shops:
D:4 [   D:8 :   D:11 :

Annotations:
Lair:4 2 runed translucent doors, Seuduecs's ghost, journeyman FeTm


Innate Abilities, Weirdness & Mutations

You reflexively headbutt those who attack you in melee.
You have a pair of horns on your head.


Message History

You feel less resistant to hostile enchantments.
You feel sick.
The rime drake bites you but does no damage.
There is a stone staircase leading up here.
The rime drake barely misses you. The rime drake breathes ice at you.
The flash freeze misses you.
You climb upwards.
You feel sick.
You are no longer poisoned.
There is a stone staircase leading down here.
The rime drake bites you.
* * * LOW HITPOINT WARNING * * *
You feel yourself speed up. The rime drake barely misses you.
The rime drake misses you. The rime drake breathes ice at you.
The flash freeze misses you. The rime drake breathes ice at you.
The flash freeze hits you!
You die...

#..PP...# #.#...# #..#....##..
#....P..## ###..## #.##........
##....##.# #....# ###.#.......
#.....### ##.<.# ###.......
#....P# #...# ##....## ##P....##
####.## #......# #P......#
#....##########...P.##
###.....####.......PP.#..#....##
.#.#...#.#......@..............#
.......##.....k###.#...#...##..#
P.P.#..###..P..# ####.##.####.##
#......#.......## #..#### ##..#
.#..#.#.....P#..## #...### #...#
....#.#....###...# #.....####.##
#..#.........#..## ###....##..##
......#.#.......## ###.####..#
P...#.#######....# #<.###..#


You could see a rime drake (catching breath).

Vanquished Creatures
  The ghost of Hienro the Fighter, a journeyman GnWn of Ashenzari (Lair:1)
  6 hydras
  A catoblepas (Lair:3)
  A dancing weapon (Lair:1)
  3 two-headed ogres
  4 death yaks
  An ugly thing (IceCv)
  A deep elf mage (D:10)
  Maurice (D:10)
  4 black mambas
  Psyche (D:10)
  2 cane toads (Lair:1)
  A centaur skeleton (D:11)
  A torpor snail (Lair:5)
  2 komodo dragons
  A rime drake (Lair:5)
  A queen bee (D:10)
  2 trolls
  2 polar bears (Lair:5)
  A hornet (D:12)
  7 blink frogs
  A shadow (D:11)
  A wraith (D:11)
  6 basilisks
  3 wyverns
  61 yaks
  Menkaure (D:6)
  A steam dragon (D:12)
  10 water moccasins
  Duvessa (D:7)
  11 ice beasts
  A sky beast (D:6)
  2 black bears (D:6)
  7 orc warriors
  10 ogres
  8 wolves
  8 centaurs
  3 big kobolds
  A gnoll sergeant (D:9)
  A wyvern zombie (D:11)
  13 bullfrogs
  3 water moccasin zombies
  4 scorpions
  Dowan (D:7)
  16 killer bees
  8 wights
  An electric eel (D:10)
  A howler monkey (D:9)
  5 centaur zombies
  5 jellies
  5 bullfrog zombies
  7 hounds
  6 orc priests
  A bullfrog skeleton (D:9)
  9 orc wizards
  Terence (D:2)
  A gnoll shaman (D:5)
  5 iguanas
  6 worker ants
  6 big kobold zombies (Ossuary)
  3 mummies
  Robin (D:2)
  A howler monkey skeleton (D:7)
  15 gnolls
  10 adders
  3 shadow imps
  4 white imps
  2 ufetubi
  An ooze (D:4)
  8 adder zombies
  2 adder skeletons (D:7)
  2 worms (D:3)
  A dart slug (D:1)
  5 leopard geckos
  33 orcs
  A ball python (D:3)
  A bat (D:1)
  9 giant cockroaches
  5 gnoll zombies (Ossuary)
  11 goblins
  4 hobgoblins
  3 quokkas
  A ball python zombie (D:6)
  A frilled lizard (D:1)
  3 hobgoblin zombies
  18 kobolds
  5 kobold zombies (Ossuary)
  5 orc zombies (Ossuary)
  A quokka zombie (D:6)
  2 rats
446 creatures vanquished.

Vanquished Creatures (collateral kills)
  Nessos (D:12)
  Snorg (D:12)
  6 death yaks
  An ugly thing (IceCv)
  2 cane toads
  A blink frog (Lair:5)
  6 yaks
  A black bear (D:10)
  5 ice beasts
  A gnoll sergeant (D:12)
  16 killer bees (D:10)
  4 gnolls (D:12)
  An adder (D:10)
46 creatures vanquished.

Vanquished Creatures (others)
  An iguana (Lair:6)
  A bush (Lair:4)
  24 fungi
  56 plants
82 creatures vanquished.

Grand Total: 574 creatures vanquished

Notes
Turn   | Place    | Note
-------+----------+-------------------------------------------
     0 | D:1      | Mopster the Minotaur Berserker began the quest for the Orb.
     0 | D:1      | Reached XP level 1. HP: 19/19 MP: 0/0
   115 | D:1      | Reached XP level 2. HP: 27/27 MP: 1/1
   136 | D:1      | Reached skill level 4 in Axes
   764 | D:2      | Noticed Terence
   772 | D:2      | Killed Terence
   772 | D:2      | Reached XP level 3. HP: 34/34 MP: 2/2
   831 | D:2      | Found a white marble altar of Elyvilon.
  1077 | D:2      | Noticed Robin
  1082 | D:2      | Reached ** piety under Trog
  1086 | D:2      | Reached XP level 4. HP: 41/41 MP: 3/3
  1090 | D:2      | Killed Robin
  1376 | D:2      | Found a glowing golden altar of the Shining One.
  1376 | D:2      | Found a shadowy altar of Dithmenos.
  1377 | D:2      | Found a stormy altar of Qazlal.
  1486 | D:2      | Found a sparkling altar of Nemelex Xobeh.
  1965 | D:3      | Found a blossoming altar of Fedhas.
  2245 | D:3      | Reached skill level 5 in Axes
  2583 | D:4      | Found a staircase to the Ecumenical Temple.
  2603 | D:4      | Reached XP level 5. HP: 44/47 MP: 4/4
  2621 | D:4      | Found Hiso's Antique Armour Shoppe.
  2621 | D:4      | Noticed an ogre
  2628 | D:4      | Killed an ogre
  2672 | D:4      | Reached XP level 6. HP: 51/53 MP: 5/5
  2694 | D:4      | Reached skill level 1 in Maces & Flails
  3205 | D:4      | Found a sand-covered staircase.
  3214 | Ossuary  | Entered an ossuary
  3321 | Ossuary  | Reached skill level 6 in Axes
  3366 | Ossuary  | Reached skill level 5 in Fighting
  3372 | Ossuary  | Reached *** piety under Trog
  3428 | Ossuary  | Reached XP level 7. HP: 61/61 MP: 6/6
  3700 | D:5      | Entered Level 5 of the Dungeon
  3718 | D:5      | Found an ancient bone altar of Kikubaaqudgha.
  3718 | D:5      | Found a shimmering blue altar of Sif Muna.
  3720 | D:5      | Found a radiant altar of Vehumet.
  3727 | D:5      | Identified Vehumet's Compendium of Confrontation
  3766 | D:5      | Reached skill level 5 in Armour
  3952 | D:5      | Reached skill level 5 in Maces & Flails
  4739 | D:6      | Found a bloodstained altar of Trog.
  4749 | D:6      | Reached XP level 8. HP: 64/69 MP: 7/7
  4751 | D:6      | Noticed Menkaure
  4799 | D:6      | Killed Menkaure
  4800 | D:6      | Reached **** piety under Trog
  5094 | D:6      | Reached skill level 5 in Dodging
  5204 | D:6      | Found a snail-covered altar of Cheibriados.
  5523 | D:7      | Reached skill level 1 in Shields
  5622 | D:7      | Reached skill level 7 in Axes
  5771 | D:7      | Noticed Duvessa
  5771 | D:7      | Noticed Dowan
  5781 | D:7      | Killed Dowan
  5783 | D:7      | Killed Duvessa
  5866 | D:7      | Reached XP level 9. HP: 75/75 MP: 8/8
  6028 | D:8      | Found a broken altar of Ashenzari.
  6162 | D:8      | Found Plog's Book Shop.
  6787 | D:8      | Reached skill level 8 in Axes
  7402 | D:9      | Reached ***** piety under Trog
  7527 | D:9      | Reached skill level 9 in Axes
  7550 | D:9      | Reached XP level 10. HP: 50/84 MP: 7/9
  7558 | D:9      | Found a burning altar of Makhleb.
  8139 | D:9      | Reached skill level 5 in Shields
  8218 | D:9      | Found the +9 sword of Zonguldrok {reap}
  8233 | D:9      | Reached skill level 10 in Axes
  8571 | D:10     | Entered Level 10 of the Dungeon
  8583 | D:10     | You fall into a shaft and drop 1 floor!
  8583 | D:11     | Noticed a two-headed ogre
  8602 | D:10     | Reached skill level 10 in Armour
  8661 | D:10     | Noticed a death yak
  8661 | D:10     | Noticed a death yak
  8662 | D:10     | Noticed a death yak
  8671 | D:10     | Noticed a death yak
  8671 | D:10     | Noticed a death yak
  8683 | D:10     | Killed a death yak
  8703 | D:10     | Killed a death yak
  8704 | D:10     | Killed a death yak
  8706 | D:10     | Killed a death yak
  8708 | D:10     | Killed a death yak
  8708 | D:10     | Reached XP level 11. HP: 50/94 MP: 8/10
  8834 | D:10     | Found a staircase to the Lair.
  8850 | D:10     | Identified the +0 robe "Vofioq Duliz" {rElec}
  8877 | D:10     | Noticed a two-headed ogre
  8888 | D:10     | Killed a two-headed ogre
  8901 | D:10     | Noticed a deep elf mage
  8918 | D:10     | Killed a deep elf mage
  9215 | D:10     | Noticed Psyche
  9235 | D:10     | Killed Psyche
  9835 | D:10     | Noticed Maurice
  9847 | D:10     | Killed Maurice
 10220 | D:9      | Found a basalt altar of Yredelemnul.
 11008 | D:11     | Killed a two-headed ogre
 11008 | D:11     | Reached skill level 11 in Axes
 11425 | D:11     | Found Zutiemipn's Book Shoppe.
 11626 | D:12     | Noticed Nessos
 11683 | D:12     | Killed Nessos
 11683 | D:12     | Reached XP level 12. HP: 24/104 MP: 11/11
 12029 | D:12     | Noticed a two-headed ogre
 12042 | D:12     | Killed a two-headed ogre
 12411 | D:12     | Received a gift from Trog
 12471 | D:12     | Found a staircase to the Orcish Mines.
 12488 | D:12     | Found a roughly hewn altar of Beogh.
 12710 | D:12     | Noticed Snorg
 12718 | D:12     | Killed Snorg
 13258 | Lair:1   | Entered Level 1 of the Lair of Beasts
 13447 | Lair:1   | Reached skill level 12 in Axes
 13528 | Lair:1   | Reached skill level 10 in Fighting
 13625 | Lair:1   | Noticed a seven-headed hydra
 13632 | Lair:1   | Killed a seven-headed hydra
 13960 | Lair:1   | Found a runed translucent door.
 13961 | Lair:1   | Found a shimmering altar of Xom.
 13961 | Lair:1   | Noticed Hienro's ghost (journeyman GnWn)
 13987 | Lair:1   | Killed Hienro's ghost
 14552 | Lair:2   | Found a staircase to the Snake Pit.
 14553 | Lair:2   | You fall into a shaft and drop 1 floor!
 14695 | Lair:3   | Found a frozen archway.
 14727 | IceCv    | Entered an ice cave
 14735 | IceCv    | Found a transporter.
 14736 | IceCv    | Reached XP level 13. HP: 71/116 MP: 12/12
 15132 | Lair:3   | Reached skill level 13 in Axes
 16097 | Lair:3   | HP: 3/117 [death yak (7)]
 17235 | Lair:4   | Found a large runed translucent door.
 17236 | Lair:4   | Found a large runed translucent door.
 17238 | Lair:4   | Noticed Seuduecs's ghost (journeyman FeTm)
 17330 | Lair:4   | Reached skill level 10 in Shields
 17480 | Lair:4   | Found a staircase to the Swamp.
 18677 | Lair:5   | Reached skill level 10 in Dodging
 19211 | Lair:5   | Reached skill level 14 in Axes
 19290 | Lair:5   | Found a viscous altar of Jiyva.
 19292 | Lair:5   | Found a staircase to the Slime Pits.
 19923 | Lair:6   | Entered Level 6 of the Lair of Beasts
 19959 | Lair:6   | HP: 4/122 [acid (9)]
 19982 | Lair:5   | Killed from afar by a rime drake

Illustrated notes

Levels and vault maps discovered:
D:1:      saegor_arrival_simple_b, layout_loops_ring, serial_bayou_pond_c
D:2:      layout_basic, nicolae_overflow_quartered_altars, elyvilon_altar_3,
          uniq_robin, uniq_terence
D:3:      layout_basic, fedhas_altar_3
D:4:      layout_cave_pools, minmay_temple_entry_tees, serial_shops,
          nicolae_shop_overgrown_old_shop, nicolae_ossuary_entry_giza,
          minmay_quadrilaterals
D:5:      layout_loops_ring, grunt_temple_overflow_magic_moments
D:6:      layout_cave_pools, trog_ov_bears_minmay, kennysheep_mini,
          uniq_menkaure
D:7:      layout_rooms, uniq_duvessa
D:8:      layout_basic, nicolae_overflow_hidden_temple, serial_shops,
          nicolae_shop_waterfront
D:9:      lemuel_ogre_cave, layout_small_grid, overflow_temple_1_default,
          basic_altar
D:10:     layout_loops_cross, dpeg_lair_monsters, special_room
          [special_room_bee], minmay_misc_feat_more_columns,
          nicolae_water_bricks, uniq_maurice, uniq_psyche
D:11:     layout_cross, serial_shops,
          nicolae_shop_temple_entry_statues_fountains, kennysheep_small_circle
D:12:     layout_basic, minmay_orc_entry_temple_small, uniq_nessos, uniq_snorg
D:13:     layout_roguey, david_vaults_5, nicolae_trove_entry_path_of_doom
Lair:1:   layout_big_grid, ebering_ghost_xom
Lair:2:   layout_regular_city, minmay_snake_entry_six_corridors,
          lemuel_fruit_fields, serial_bayou_shore_a
Lair:3:   layout_regular_city, portal_ice_cave_entry_ice_beasts,
          infiniplex_staircase_pool_2
Lair:4:   layout_gridlike, swamp_mist_pool, ebering_ghost_disaster_area,
          kennysheep_basilisk_garden
Lair:5:   layout_loops_ring, slime_altar_1, enter_volcano_1, grunt_megastairs_4
Lair:6:   guppyfry_lair_end_dragon, layout_hall_layers, guppyfry_lair_drakes

Skill      XL: |  1  2  3  4  5  6  7  8  9 10 11 12 13 |
---------------+----------------------------------------+-----
Fighting       | 4 5 6 7 9 11 13 | 13.0
Axes           | 4 5 6 7 9 10 11 12 14 | 14.0
Armour         | 3 4 5 7 9 10 11 12 13 | 13.2
Dodging        | 3 4 5 6 7 8 9 10 | 10.0
Maces & Flails | 3 5 7 8 9 |  9.9
Shields        | 2 4 6 7 9 10 | 10.4
Stealth        | |  0.3

Action                   |  1- 3 |  4- 6 |  7- 9 | 10-12 | 13-15 || total
-------------------------+-------+-------+-------+-------+-------++-------
Melee: Hand axe          |    41 |    26 |       |       |       ||    67
       Headbutt          |     6 |    35 |    60 |   112 |    60 ||   273
       Broad axe         |       |    24 |   220 |    18 |       ||   262
       Whip              |       |   130 |   108 |       |       ||   238
       Mace              |       |       |       |   101 |    12 ||   113
       Battleaxe         |       |       |       |   287 |   151 ||   438
       Dire flail        |       |       |       |   106 |    87 ||   193
Invok: Berserk           |     2 |     4 |    13 |    25 |    11 ||    55
       Trog's Hand       |       |       |     3 |     6 |     4 ||    13
       Brothers in Arms  |       |       |       |     8 |     4 ||    12
Evoke: Wand              |       |       |       |     1 |     1 ||     2
  Use: Scroll            |       |     9 |     9 |    12 |    11 ||    41
       Potion            |       |       |     1 |     1 |     2 ||     4
 Stab: Distracted        |       |       |       |     1 |       ||     1
Armor: Animal skin       |     1 |       |       |       |       ||     1
       Chain mail        |    10 |    28 |       |       |       ||    38
       Scale mail        |       |    45 |   142 |   183 |   208 ||   578
       Plate armour      |       |       |    54 |    66 |       ||   120
Dodge: Dodged            |    19 |    85 |   214 |   399 |   270 ||   987
Block: Kite shield       |       |       |    46 |    39 |       ||    85

Table legend: (Time is in decaauts)
 A = Elapsed time spent in this place.
 B = Non-inter-level travel time spent in this place.
 C = Inter-level travel time spent in this place.
 D = Time resting spent in this place.
 E = Time spent auto-exploring this place.
 F = Levels seen in this place.
 G = Mean time per level.
                   A        B        C        D        E       F      G
               +--------+--------+--------+--------+--------+-----+--------+
         Total |  20490 |  16086 |   4404 |   4396 |   7300 |  21 |  975.7 |
       Dungeon |  13223 |  10303 |   2920 |   1774 |   5929 |  13 | 1017.2 |
          Lair |   6777 |   5293 |   1484 |   2445 |   1370 |   6 | 1129.5 |
       Ossuary |    399 |    399 |      0 |    175 |      0 |   1 |  399.0 |
      Ice Cave |     89 |     89 |      0 |      0 |      0 |   1 |   89.0 |
               +--------+--------+--------+--------+--------+-----+--------+

Top non-repeatable levels by time:
  Lair:3: 2149 daAuts
  Lair:4: 2142 daAuts
    D:10: 1751 daAuts
     D:9: 1750 daAuts
     D:8: 1599 daAuts
    D:12: 1454 daAuts
  Lair:5: 1093 daAuts
     D:2: 1029 daAuts
     D:5: 1016 daAuts
  Lair:1: 946 daAuts
    D:11: 890 daAuts
     D:3: 880 daAuts
     D:6: 792 daAuts
     D:4: 744 daAuts
     D:1: 705 daAuts
